AoeStats
← pascapas

Arena

507368549Analyzed
4v4 RM · 16d ago on Sep 17, 2026· 51m 56s· 8 players
Game mode
Random Map
Map size
Large (8 player)
Population
200
Speed
Normal
Resources
Standard
Victory
Conquest
Starting age
Dark Age
Ending age
Imperial Age
RankedLock teamsTeams togetherTeam positionsShared explorationLock speedFull tech treeHidden civsTurbo modeCheats
Victory
Defeat
🇧🇪 Persians · Belgium
913
+11
🇦🇷 Vikings · Argentina
854
+13
🇨🇭 Burgundians · Switzerland
814
+14
🇧🇪 Berbers · Belgium
716
+25
🇺🇸 Huns · United States
848
-17
🇺🇸 Celts · United States
811
-15
🇫🇷 Teutons · France
764
-13
🇺🇸 Wei · United States
704
-11
DeflateDez4BRADY
11:11 Feudal Age
10:15 Loom
11:53 Double-Bit Axe
11:50 Horse Collar
12:52 Wheelbarrow
19:53 Castle Age
17:59 Gold Mining
18:31 Stone Mining
20:55 Bow Saw
22:02 Heavy Plow
22:29 Bloodlines
22:30 Husbandry
23:16 Gold Shaft Mining
23:16 Hand Cart
30:15 Imperial Age
29:21 Fletching
29:39 Scale Barding Armor
29:45 Forging
29:36 Padded Archer Armor
30:31 Thumb Ring
31:09 Fortified Wall
32:35 Conscription
32:17 Bodkin Arrow
34:12 Ming Guang Armor
35:07 Heavy Hei Guang Cavalry
36:39 Leather Archer Armor
38:09 Iron Casting
39:20 Parthian Tactics
39:21 Elite Skirmisher
40:06 Bracer
41:17 Ring Archer Armor
whiteboytroy82
13:04 Feudal Age
14:31 Wheelbarrow
13:42 Loom
13:45 Double-Bit Axe
16:51 Fletching
17:12 Forging
18:52 Gold Mining
18:55 Stone Mining
18:36 Man-at-Arms
22:51 Castle Age
21:38 Scale Mail Armor
22:28 Scale Barding Armor
24:02 Bow Saw
24:52 Iron Casting
26:26 Gambesons
26:02 Pikeman
28:17 Chain Mail Armor
29:53 Guard Tower
29:59 Murder Holes
31:04 Treadmill Crane
31:25 Bodkin Arrow
32:22 Caravan
37:37 Imperial Age
35:31 Long Swordsman
35:58 Arson
39:10 Gold Shaft Mining
Point and Click
15:57 Feudal Age
16:23 Double-Bit Axe
16:19 Horse Collar
19:35 Castle Age
18:16 Forging
18:11 Scale Mail Armor
19:48 Stone Mining
19:51 Gold Mining
20:08 Town Watch
21:10 Town Patrol
22:47 Heavy Plow
23:00 Bow Saw
30:52 Imperial Age
30:03 Iron Casting
32:34 Chemistry
32:09 Fletching
33:19 Blast Furnace
32:40 Chain Mail Armor
35:53 Caravan
38:05 Theocracy
37:46 Block Printing
40:12 Illumination
39:23 Elite Teutonic Knight
43:18 Siege Engineers
45:50 Onager
CouthTortoise40
0:34 Loom
13:10 Feudal Age
18:52 Castle Age
19:46 Double-Bit Axe
20:53 Fervor
24:34 Bow Saw
24:34 Stone Mining
24:36 Gold Mining
24:33 Horse Collar
30:37 Wheelbarrow
30:58 Marauders
32:34 Gold Shaft Mining
31:56 Murder Holes
31:33 Pikeman
32:18 Husbandry
32:28 Bloodlines
33:33 Hand Cart
36:03 Imperial Age
33:19 Town Watch
34:47 Ballistics
34:58 Caravan
35:40 Forging
35:42 Scale Barding Armor
36:17 Elite Tarkan
37:17 Conscription
38:03 Two-Man Saw
40:02 Scale Mail Armor
42:18 Squires
43:32 Iron Casting
43:17 Chain Barding Armor
44:05 Halberdier
defermjustin0
12:42 Feudal Age
14:02 Wheelbarrow
13:55 Double-Bit Axe
16:25 Town Watch
20:36 Horse Collar
23:26 Castle Age
21:16 Loom
22:48 Gold Mining
22:48 Stone Mining
23:54 Scale Barding Armor
24:25 Bow Saw
24:17 Heavy Plow
24:52 Husbandry
25:53 Hand Cart
28:10 Chain Barding Armor
30:13 Fortified Wall
36:12 Imperial Age
34:56 Gold Shaft Mining
34:57 Stone Shaft Mining
36:19 Cavalier
37:37 Town Patrol
38:07 Conscription
38:23 Crop Rotation
39:25 Plate Barding Armor
Severine
9:43 Feudal Age
13:29 Wheelbarrow
15:51 Castle Age
14:07 Double-Bit Axe
14:16 Horse Collar
17:22 Bow Saw
17:46 Heavy Plow
18:46 Stone Mining
19:17 Gold Mining
22:39 Hand Cart
27:34 Husbandry
27:45 Bloodlines
27:52 Scale Barding Armor
27:59 Forging
27:56 Fletching
30:19 Chain Barding Armor
30:42 Iron Casting
32:10 Bodkin Arrow
32:40 Caravan
36:29 Imperial Age
36:16 Ballistics
35:52 Murder Holes
36:07 Masonry
36:12 Cavalier
37:31 Plate Barding Armor
38:16 Blast Furnace
38:28 Chemistry
37:46 Savar
39:37 Architecture
41:48 Crop Rotation
42:23 Two-Man Saw
46:39 Hoardings
46:11 Kamandaran
46:37 Conscription
50:06 Thumb Ring
49:21 Crossbowman
marcos_trujillo
12:19 Feudal Age
16:16 Castle Age
14:19 Horse Collar
14:27 Double-Bit Axe
14:54 Gold Mining
26:07 Imperial Age
24:47 Forging
27:10 Squires
27:21 Scale Mail Armor
29:31 Chain Mail Armor
29:52 Iron Casting
30:18 Elite Berserk
32:01 Conscription
33:29 Chieftains
33:40 Capped Ram
36:08 Blast Furnace
35:38 Plate Mail Armor
37:03 Fletching
37:13 Padded Archer Armor
37:18 Bogsveigar
36:46 Elite Skirmisher
43:08 Chemistry
pascapas
2:48 Loom
11:23 Feudal Age
10:59 Double-Bit Axe
11:52 Horse Collar
13:43 Bow Saw
14:11 Heavy Plow
14:31 Gold Mining
19:26 Gold Shaft Mining
19:08 Forging
21:31 Castle Age
21:29 Scale Barding Armor
21:15 Fletching
25:40 Bodkin Arrow
28:10 Wheelbarrow
27:21 Town Watch
27:02 Cavalier
27:44 Husbandry
27:56 Burgundian Vineyards
30:25 Iron Casting
32:07 Hand Cart
36:45 Imperial Age
37:55 Chain Barding Armor
38:36 Blast Furnace
38:13 Paladin
39:42 Plate Barding Armor
40:24 Light Cavalry
42:43 Hussar
Connection lost

Rejoining the realm…

Still unreachable

The connection could not be restored.

Session expired

The server has moved on; the page needs a fresh start.